 Dungeon Crawl Stone Soup version 0.17.0-22-g5edae84 (console) character file.

79 Kloppie the Sneak (level 4, -1/27 HPs)
             Began as a High Elf Earth Elementalist on Nov 13, 2015.
             Slain by an orc
             ... wielding a +2 dagger of holy wrath
              (5 damage)
             ... on level 3 of the Dungeon.
             The game lasted 00:05:57 (3093 turns).

Kloppie the Sneak (High Elf Earth Elementalist)     Turns: 3093, Time: 00:05:57

Health: -1/27      AC:  5    Str:  7    XL:     4   Next: 17%
Magic:  8/8        EV: 12    Int: 20    God:
Gold:   139        SH:  0    Dex: 15    Spells: 1 memorised, 6 levels left

rFire  . . .     SeeInvis .     a - +1 whip (elec)
rCold  . . .     Clarity  .     f - +0 robe
rNeg   . . .     SustAt   .     (no shield)
rPois  .         Gourm    .     h - +0 helmet
rElec  .         Spirit   .     (no cloak)
rCorr  .         Warding  .     (no gloves)
rMut   .         Stasis   .     t - +1 pair of boots
MR     .....                    (no amulet)
Stlth  +++.......               (no ring)
                                (no ring)

@: not resistant to hostile enchantments, fairly stealthy
A: no striking features
a: no special abilities


You were on level 3 of the Dungeon.
You were not hungry.

You visited 1 branch of the dungeon, and saw 3 of its levels.

You collected 139 gold pieces.

Inventory:

Hand Weapons
 a - a +1 whip of electrocution (weapon)
 w - a +0 dagger
Missiles
 b - 93 stones (quivered)
Armour
 f - a +0 robe (worn)
 h - a +0 helmet (worn)
 i - a +0 buckler
 t - a +1 pair of boots (worn)
Jewellery
 g - a +3 ring of intelligence {unknown}
 p - a +2 ring of strength {unknown}
Scrolls
 e - 2 scrolls of identify {unknown}
 q - a scroll of immolation {unknown}
 s - 2 scrolls of amnesia {unknown}
 v - a scroll of enchant weapon
 x - a scroll of remove curse {unknown}
Potions
 j - 2 potions of curing {unknown}
 k - 2 potions of mutation {unknown}
 u - a potion of poison {unknown}
Books
 c - a book of Geomancy

   Spells                             Type                      Level
   a - Sandblast                      Earth                        1
   b - Stoneskin                      Transmutation/Earth          2
   c - Passwall                       Transmutation/Earth          3
   d - Stone Arrow                    Conjuration/Earth            3
   e - Petrify                        Transmutation/Earth          4
   f - Lee's Rapid Deconstruction     Earth                        5
Comestibles
 d - 5 bread rations
 l - a beef jerky
 m - 2 fruits
 n - 2 slices of pizza
 o - a meat ration
 r - a royal jelly


   Skills:
 + Level 0.8 Fighting
 - Level 2.1 Dodging
 + Level 3.7 Stealth
 - Level 2.4 Spellcasting
   Level 1.1 Transmutations
 + Level 3.4 Earth Magic


You had 6 spell levels left.
You knew the following spells:

 Your Spells              Type           Power        Failure   Level  Hunger
a - Sandblast             Erth           ###...       3%          1    #......


Dungeon Overview and Level Annotations

Branches:
Dungeon (3/15)

Altars:
Trog


Message History

The orc completely misses you. The orc barely misses you.
You hit the orc.
The orc is severely wounded.
The orc hits you but does no damage.
You barely miss the orc.
The orc is severely wounded.
The orc hits you with a dagger of holy wrath.
* * * LOW HITPOINT WARNING * * *
You hit the orc but do no damage.
The orc is severely wounded.
The orc hits you with a dagger of holy wrath.
* * * LOW HITPOINT WARNING * * *
You hit the orc but do no damage.
The orc is severely wounded.
The orc hits you with a dagger of holy wrath.
* * * LOW HITPOINT WARNING * * *
You hit the orc but do no damage.
The orc is severely wounded.
The orc hits you with a dagger of holy wrath.
You die...

#.....##..###.#.# #..#
#.............#.# #..#
#.......###.###)#####..##
##...##.###.###..........
##.###................##
#.###.############..[#
#.....# ##### #...#
####.#.###...######...#
#....#.@[.............#
#......)o..<.........)#
#......>.........##...#
#....#.###.......###..#
#.#.##.# ####.........#
#.#.##.# #######...#
#.#.##.# #...# #.#.##.##
#...#
#.#.#...###########...#


You could see an orc.

Vanquished Creatures
  2 adders
  2 worms (D:2)
  2 giant geckos
  2 orcs (D:3)
  4 hobgoblins
  2 quokkas
  3 bats
  3 giant cockroaches
  A giant newt (D:1)
  8 goblins
  4 jackals (D:2)
  8 kobolds
  13 rats
54 creatures vanquished.

Notes
Turn   | Place    | Note
--------------------------------------------------------------
     0 | D:1      | Kloppie the High Elf Earth Elementalist began the quest for the Orb.
     0 | D:1      | Reached XP level 1. HP: 11/11 MP: 4/4
   497 | D:1      | Reached XP level 2. HP: 10/17 MP: 6/6
  1416 | D:1      | Reached skill level 3 in Stealth
  1701 | D:2      | Found a bloodstained altar of Trog.
  1784 | D:2      | Reached XP level 3. HP: 21/21 MP: 4/7
  2520 | D:3      | Reached XP level 4. HP: 25/27 MP: 4/8
  3093 | D:3      | Slain by an orc

Action                   |  1- 3 |  4- 6 || total
-------------------------+-------+-------++-------
Melee: Dagger            |    95 |    29 ||   124
       Whip              |       |    20 ||    20
 Cast: Sandblast         |    44 |     2 ||    46
  Use: Scroll            |     2 |       ||     2
 Stab: Sleeping          |     3 |     2 ||     5
  Eat: Chunk             |     5 |     2 ||     7
